 Dungeon Crawl Stone Soup version 0.18-a0-1649-g8d9735b (webtiles) character file.

354 HungrySpirit the Basher (level 6, 0/57 HPs)
             Began as an Ogre Arcane Marksman on Mar 29, 2016.
             Slain by an orc
             ... wielding a +0 hand axe
              (6 damage)
             ... on level 3 of the Dungeon.
             The game lasted 00:08:17 (5156 turns).

HungrySpirit the Basher (Ogre Arcane Marksman)      Turns: 5156, Time: 00:08:18

Health: 0/57       AC:  3    Str: 19    XL:     6   Next: 63%
Magic:  7/7        EV: 10    Int: 12    God:
Gold:   115        SH:  0    Dex:  9    Spells: 1 memorised, 6 levels left

rFire  . . .     SeeInvis .     d - +0 flail
rCold  . . .     Gourm    .     a - +0 robe
rNeg   . . .     Faith    .     (no shield)
rPois  .         Spirit   .     (helmet restricted)
rElec  .         Dismiss  .     (no cloak)
rCorr  .         Reflect  .     (gloves unavailable)
SustAt .         Harm     .     (boots unavailable)
MR     .....                    (no amulet)
Stlth  +.........               (no ring)
                                (no ring)

@: not resistant to hostile enchantments, very unstealthy
A: unfitting armour, tough skin 1
a: no special abilities


You were on level 3 of the Dungeon.
You were not hungry.

You visited 1 branch of the dungeon, and saw 4 of its levels.
You also visited: Ossuary.

You collected 115 gold pieces.

Inventory:

Hand Weapons
 d - a +0 flail (weapon)
 k - a +0 whip
Missiles
 i - a throwing net (quivered)
Armour
 a - a +0 robe (worn)
Wands
 p - a wand of disintegration (0/24)
Scrolls
 e - 3 scrolls of remove curse
 h - 2 scrolls of amnesia {unknown}
 j - 6 scrolls of identify
 o - 2 scrolls of teleportation {unknown}
 q - 3 scrolls of blinking {unknown}
 r - a scroll of enchant armour {unknown}
 s - 3 scrolls of magic mapping {unknown}
 u - a scroll of random uselessness {unknown}
 v - a scroll of enchant weapon {unknown}
 y - a scroll of noise {unknown}
 z - a scroll of recharging {unknown}
 B - a scroll of holy word {unknown}
Potions
 c - a potion of beneficial mutation {unknown}
 l - a potion of curing {unknown}
 m - a potion of might {unknown}
 n - 4 potions of heal wounds {unknown}
 w - 2 potions of flight {unknown}
 x - a potion of degeneration {unknown}
 A - 2 potions of resistance {unknown}
 C - 2 potions of brilliance {unknown}
 D - 2 potions of ambrosia {unknown}
Books
 b - a book of Debilitation

   Spells                             Type                      Level
   a - Corona                         Hexes                        1
   b - Slow                           Hexes                        2
   c - Gell's Gravitas                Hexes/Translocation          3
   d - Inner Flame                    Hexes/Fire                   3
   e - Cause Fear                     Hexes                        4
   f - Leda's Liquefaction            Hexes/Earth                  4
Comestibles
 f - 4 bread rations
 g - 3 meat rations


   Skills:
 - Level 2.1 Fighting
 * Level 8.1 Maces & Flails
 - Level 2.4 Throwing
 - Level 1.7 Dodging
 - Level 1.2 Spellcasting
 - Level 2.1 Hexes


You had 6 spell levels left.
You knew the following spells:

 Your Spells              Type           Power        Failure   Level  Hunger
a - Corona                Hex            #......      14%         1    ##.....


Dungeon Overview and Level Annotations

Branches:
Dungeon (4/15)
 Temple: D:4-7

Altars:


Innate Abilities, Weirdness & Mutations

You are too large for most types of armour.
You have tough skin (AC +1).


Message History

Throwing (i - inventory. (,) - cycle):
t - 3 large rocks (quivered)
Press: ? - help, Shift-Dir - straight line, f - orc
Aim: an orc, wielding a hand axe and wearing a scale mail You throw a large rock.
The large rock hits the orc.
The orc is lightly wounded.
The orc hits you with a hand axe.
* * * LOW HITPOINT WARNING * * *
The orc hits you but does no damage.
Throwing (i - inventory. (,) - cycle):
t - 2 large rocks (quivered)
Press: ? - help, Shift-Dir - straight line, f/p - orc
Aim: an orc, wielding a hand axe and wearing a scale mail (lightly wounded)
You throw a large rock. The large rock closely misses the orc.
The orc hits you but does no damage. The orc hits you with a hand axe.
* * * LOW HITPOINT WARNING * * *
Throwing (i - inventory. (,) - cycle):
t - a large rock (quivered)
Press: ? - help, Shift-Dir - straight line, f/p - orc
Aim: an orc, wielding a hand axe and wearing a scale mail (lightly wounded)
You throw a large rock. The large rock barely misses the orc.
The orc hits you with a hand axe.
You die...

......................+..........
......................######...##
......................#..........
.................#..###........#.
......................#........#.
...............................#.
...............................#.
....###........................#.
'..+# #.........@o(....(.....###.
....♣ #.###.....###>####.....# #.
♣...♣ #.# #.....# ### #..)..# ##
♣♣.♣♣ ### #..>..# #.....# # ♣♣.♣
#.....# ###'### # ♣.♣♣ #.....#
#.# # ♣♣.♣ #.....# #.# # ♣)♣♣
####### #.# #.## #.#


You could see an orc.

Vanquished Creatures
  An orc wizard (D:3)
  Crazy Yiuf (D:3)
  A worker ant (D:3)
  12 mummies (Ossuary)
  3 gnolls (D:2)
  3 adders
  A worm (D:3)
  A dart slug (D:3)
  7 orcs
  A ball python (D:2)
  8 bats
  3 giant cockroaches (D:3)
  4 goblins
  4 hobgoblins
  A quokka (D:2)
  4 giant newts
  3 gnoll skeletons (Ossuary)
  A goblin skeleton (Ossuary)
  4 kobolds
  2 kobold skeletons (Ossuary)
  2 orc skeletons (Ossuary)
  2 quokka skeletons (D:4)
  3 rats
  11 rat skeletons (Ossuary)
83 creatures vanquished.

Vanquished Creatures (others)
  A mummy (Ossuary)
1 creature vanquished.

Grand Total: 84 creatures vanquished

Notes
Turn   | Place    | Note
--------------------------------------------------------------
     0 | D:1      | HungrySpirit the Ogre Arcane Marksman began the quest for the Orb.
     0 | D:1      | Reached XP level 1. HP: 19/19 MP: 2/2
  1305 | D:1      | Reached XP level 2. HP: 28/28 MP: 3/3
  1897 | D:2      | Reached skill level 1 in Maces & Flails
  1958 | D:2      | Reached skill level 2 in Maces & Flails
  2089 | D:2      | Reached XP level 3. HP: 26/35 MP: 4/4
  2410 | D:2      | Reached skill level 3 in Maces & Flails
  2432 | D:2      | Reached skill level 4 in Maces & Flails
  2432 | D:2      | Reached XP level 4. HP: 39/42 MP: 5/5
  3039 | D:3      | Reached skill level 5 in Maces & Flails
  3039 | D:3      | Reached XP level 5. HP: 34/49 MP: 6/6
  3421 | D:3      | Noticed Crazy Yiuf
  3425 | D:3      | Killed Crazy Yiuf
  3425 | D:3      | Reached skill level 6 in Maces & Flails
  3611 | D:4      | Found a sand-covered staircase.
  3620 | Ossuary  | Entered an ossuary
  3784 | Ossuary  | Reached XP level 6. HP: 4/57 MP: 7/7
  4079 | Ossuary  | Reached skill level 7 in Maces & Flails
  4752 | Ossuary  | Reached skill level 8 in Maces & Flails
  5156 | D:3      | Slain by an orc

Vault maps used:
D:1:      matt_arrival_grand_opening
D:2:      first_bread
D:3:      uniq_crazy_yiuf_cottage
D:4:      nicolae_ossuary_entry_ruins, serial_shops,
          nicolae_shop_window_shopping, uniq_duvessa
Ossuary:  ossuary_due_small_catacomb

Skill      XL: |  1  2  3  4  5  6 |
---------------+-------------------+-----
Fighting       | 2 |  2.1
Maces & Flails | 2 4 5 6 8 |  8.1
Throwing       | |  2.4
Dodging        | |  1.7
Spellcasting   | |  1.2
Hexes          | |  2.1

Action                   |  1- 3 |  4- 6 || total
-------------------------+-------+-------++-------
Melee: Unarmed           |   105 |       ||   105
       Dagger            |     5 |       ||     5
       Whip              |    42 |       ||    42
       Flail             |       |   193 ||   193
Throw: Large rock        |    10 |    24 ||    34
       Throwing net      |     2 |     2 ||     4
Evoke: Wand              |       |     4 ||     4
  Use: Scroll            |       |     2 ||     2
 Stab: Distracted        |       |     1 ||     1
  Eat: Fruit             |     4 |       ||     4
       Chunk             |     1 |     5 ||     6
       Meat ration       |       |     1 ||     1
